Map: Post-Youth LE

Players

Nori - Winner!

  • Race: Protoss Protoss
  • League: Diamond
  • Spawn Location: 7:00

durendal

  • Race: Zerg Zerg
  • League: Diamond
  • Spawn Location: 1:00

VOD

Have the link to the VOD?

Description

Time

  • Played on: Sept. 27, 2024, 4:35 p.m.
  • Length: 5:55
Show
View Real Time Build Order
Export as new Build Order

Nori Protoss - Winner!

Build Orders: 1 Gate Expand 

Get SALT Encoding   

  12  0:00  Probe  
  13  0:12  Probe  
  14  0:18  Pylon  
  14  0:24  Probe  
  15  0:37  Probe (Chrono Boost)  
  15  0:39  Gateway  
  16  0:48  Probe (Chrono Boost), Assimilator  
  17  0:54  Probe (Chrono Boost)  
  18  1:03  Probe  
  19  1:19  Probe  
  20  1:28  Nexus  
  20  1:37  Cybernetics Core  
  20  1:40  Probe  
  21  1:47  Assimilator  
  21  1:56  Probe  
  21  1:58  Pylon  
  22  2:08  Probe  
  23  2:13  Adept (Chrono Boost)  
  23  2:14  Warp Gate  
  23  2:20  Probe  
  26  2:27  Twilight Council  
  26  2:32  Probe  
  26  2:36  Stalker  
  29  2:43  Probe  
  30  2:44  Probe  
  31  2:55  Robotics Facility, Probe  
  32  3:01  Probe  
  33  3:09  Probe  
  34  3:13  Probe  
  34  3:19  Charge (Chrono Boost)  
  35  3:20  Gateway  
  35  3:21  Gateway  
  35  3:27  Gateway  
  35  3:33  Gateway  
  35  3:38  Gateway  
  35  3:42  Warp Prism (Chrono Boost)  
  37  3:51  Gateway  
  37  4:00  Pylon  
  37  4:03  Pylon  
  37  4:04  Zealot  
  39  4:19  Zealot  
  39  4:20  Zealot  
  39  4:21  Pylon, Zealot  
  45  4:30  Zealot x2  
  49  4:36  Zealot  
  51  4:57  Zealot x3  
  51  4:58  Zealot x4  
  59  5:16  Pylon  
  59  5:18  Zealot x6  
  61  5:30  Zealot  
  63  5:44  Zealot x6  
  63  5:52  Zealot  
Show
View Real Time Build Order
Export as new Build Order

durendal Zerg 

Build Orders: Hatch First 

Get SALT Encoding   

  12  0:00  Drone  
  13  0:07  Drone  
  14  0:18  Overlord  
  14  0:41  Drone x2  
  14  0:42  Drone  
  17  0:55  Hatchery  
  16  1:11  Spawning Pool  
  16  1:12  Drone  
  16  1:14  Drone  
  16  1:18  Drone  
  18  1:29  Extractor  
  18  1:30  Drone  
  18  1:31  Extractor  
  17  1:39  Drone  
  18  1:49  Drone  
  19  2:04  Drone  
  19  2:06  Queen  
  19  2:08  Drone  
  23  2:10  Zergling x2  
  23  2:11  Queen  
  26  2:23  Zergling x2  
  26  2:27  Drone  
  28  2:32  Overlord  
  28  2:35  Metabolic Boost  
  28  2:53  Drone x5  
  33  3:08  Lair  
  33  3:09  Queen  
  35  3:13  Drone  
  36  3:21  Overlord x2  
  36  3:35  Overlord x2  
  36  3:40  Drone  
  36  3:41  Drone x4  
  41  3:50  Queen  
  41  3:53  Drone x2  
  41  3:54  Drone  
  41  3:55  Drone x3  
  49  4:08  Hydralisk Den  
  48  4:13  Spore Crawler  
  47  4:17  Spore Crawler  
  47  4:18  Spore Crawler, Overlord x2  
  47  4:21  Drone x5  
  49  4:33  Evolution Chamber  
  48  4:38  Roach Warren  
  47  4:58  Zergling x4  
  47  4:59  Zergling x10  
  54  5:06  Hydralisk x3  
  28  5:24  Zergling x10  
  19  5:29  Hydralisk  
Tags
 
Add a new tag
Caveats
  • Supply blocks, unpowered buildings, or Contaminate may cause inaccurate times.
  • Supply counts are checked every 10 seconds.